 Dungeon Sprint DCSS version 0.27.1 (webtiles) character file.

Game seed: 11379594606640049909

4092 styxcanada the Imperceptible (level 10, -16/79 HPs)
             Began as a Spriggan Brigand on Aug 28, 2021.
             Was an Initiate of Gozag.
             Demolished by Donald (37 damage)
             ... in the Dungeon (Sprint III: "The Ten Rune Challenge").
             The game lasted 00:08:35 (686 turns).

styxcanada the Imperceptible (Spriggan Brigand)      Turns: 686, Time: 00:08:36

Health: -16/79     AC:  3    Str:  7    XL:     10   Next: 5%
Magic:  19/22      EV: 24    Int: 14    God:    Gozag
Gold:   1571       SH:  0    Dex: 19    Spells: 14/22 levels left

rFire    . . .     SeeInvis +   a - +2 dagger
rCold    . . .     Faith    .   (shield restricted)
rNeg     . . .     Spirit   .   b - +0 robe
rPois    .         Reflect  .   (helmet restricted)
rElec    .         Harm     .   c - +0 cloak
rCorr    .         Rampage  .   (gloves unavailable)
Will     +....     NoTele   +   (boots unavailable)
Stlth    ..........             (no amulet)
HPRegen  0.23/turn              (no ring)
MPRegen  0.18/turn              (no ring)

@: berserking, very quick
A: very small, no large weapons, unfitting armour, see invisible, speed 3, high
mp 1, passive freeze, subdued magic 1
a: Renounce Religion, Potion Petition, Call Merchant, Bribe Branch


You were in the Dungeon.
You worshipped Gozag.
Gozag was most pleased with you.
You visited 1 branch You collected 1571 gold pieces.

Inventory:

Hand Weapons
 a - a +2 dagger (weapon)
 l - a +3 long sword of holy wrath
Armour
 b - a +0 robe (worn)
 c - a +0 cloak (worn)
Scrolls
 k - a scroll of blinking
 m - a scroll of torment
 p - a scroll of immolation
Potions
 f - 2 potions of curing
 g - a potion of heal wounds
 h - a potion of haste
 i - 3 potions of magic
 j - 2 potions of berserk rage
 o - 4 potions of flight
 q - a potion of might


   Skills:
 * Level 6.1 Fighting
 + Level 5.9 Short Blades
 + Level 4.7 Throwing
 * Level 9.9 Dodging
 * Level 24.4 Stealth
 * Level 6.5 Spellcasting
 * Level 3.3 Conjurations
 * Level 3.1 Fire Magic
 * Level 3.9 Earth Magic


You had 14 spell levels left.
You knew the following spells:

 Your Spells              Type           Power      Damage    Failure   Level
a - Stone Arrow           Conj/Erth      22%        3d8       8%          3
b - Bolt of Magma         Conj/Fire/Erth 5%         4d5       65%         5

Your spell library contained the following spells:

 Spells                   Type           Power      Damage    Failure   Level
 Shatter                  Erth           6%         3d9*      100%        9


Dungeon Overview and Level Annotations

Branches:
Dungeon (1/1)

Altars:
Cheibriados
Dithmenos
Elyvilon
Fedhas
Gozag
Hepliaklqana
Kikubaaqudgha
Makhleb
Nemelex Xobeh
Okawaru
Qazlal
Ru
Sif Muna
Trog
Uskayaw
Vehumet
Wu Jian
Xom
Yredelemnul
Zin
The Shining One
Beogh
Jiyva
Lugonu

Annotations:
D Donald, Frances


Innate Abilities, Weirdness & Mutations

You are very small and have problems with some larger weapons.
You are too small for most types of armour.
You have supernaturally acute eyesight. (SInv)
You cover ground extremely quickly. (Speed+++)
You have an increased reservoir of magic. (+10% MP)
A frigid envelope surrounds you and freezes all who hurt you.
Your spells are a little easier to cast, but a little less powerful.


Message History

You have difficulty breathing.
You feel yourself slow down.
You feel very sick.
You feel very sick.
There is a fountain of clear blue water here.
You feel sick. Donald closely misses you.
You feel sick.
There is an open door to the Ecumenical Temple here.
You feel sick. Donald hits you but does no damage.
Donald is very cold.
Donald is heavily wounded.
You feel sick.
Donald is no longer moving quickly.
You feel sick.
You feel sick.
You feel sick.
You feel sick.
You are no longer poisoned.
You feel yourself speed up.
Donald casts a spell.
Donald seems to speed up.
Unknown command.
Casting: Stone Arrow (dangerous; 8% risk of failure)
Confirm with . or Enter, or press ? or * to list all spells.
Aiming: Stone Arrow (dangerous; 8% risk of failure)
Press: ? - help, Shift-Dir - straight line, f/p - Donald
Aim: Donald, wielding a +0 war axe of holy wrath, wearing a +0 scale mail and wearing a +0 kite shield of reflection (heavily wounded, fast, strong, poisoned, 77% to hit)
Donald reflects the stone arrow off his +0 kite shield of reflection!
The stone arrow misses you.
Unknown command.
You aren't carrying any items that you can evoke.
You feel much better.
A red film seems to cover your vision as you go berserk!
You feel yourself moving faster!
You feel mighty!
Donald hits you with a +0 war axe of holy wrath!!
* * * LOW HITPOINT WARNING * * *
Donald is very cold.
Donald is heavily wounded.
Donald blocks your attack.
Donald is heavily wounded.
Donald hits you with a +0 war axe of holy wrath!!!
You die...
Your body crumbles into a pile of gold.

▓...).#....≈♣♣♣♣♣.#
▓.....#...≈≈.♣..♣.#
▓....(#..≈≈≈≈.....'
▓####'#..≈≈≈≈≈≈.♣.#
▓.....#.≈≈≈≈≈≈....#
▓.....#.≈≈≈≈≈.....#
▓.....#.≈≈≈.......#
▓'#####...........#
▓.@@..............#
▓▓▓▓▓▓▓▓▓▓▓▓▓▓▓▓▓▓▓
$


You could see Donald (fast, strong, poisoned).

Vanquished Creatures
  Josephine (D)
  A centaur warrior (D)
  A deep elf pyromancer (D)
  2 unseen horrors (D)
  3 wandering mushrooms (D)
  A shadow (D)
  A spatial vortex (D)
  A necrophage (D)
  2 centaurs (D)
  An earth elemental (D)
  A water elemental (D)
  A jelly (D)
  Jessica (D)
  A wizard (D)
  A necromancer (D)
  A kobold demonologist (D)
  3 humans (D)
  A wolf (D)
  An endoplasm (D)
  2 rats (D)
  A ballistomycete spore (D)
28 creatures vanquished.

Vanquished Creatures (others)
  A hydra (D)
  A plant (D)
2 creatures vanquished.

Grand Total: 30 creatures vanquished

Notes
Turn   | Place    | Note
-------+----------+-------------------------------------------
     0 | D        | styxcanada the Spriggan Brigand began the quest for the
                  | Orb.
     0 | D        | Reached XP level 1. HP: 10/10 MP: 2/2
     5 | D        | Reached skill level 6 in Stealth
    11 | D        | Noticed Jessica
    25 | D        | Killed Jessica
    26 | D        | Reached skill level 9 in Stealth
    26 | D        | Reached XP level 2. HP: 15/15 MP: 3/3
    26 | D        | Reached XP level 3. HP: 18/18 MP: 4/4
    62 | D        | Reached skill level 10 in Stealth
    77 | D        | Reached skill level 11 in Stealth
    88 | D        | Gained mutation: Your body sometimes deteriorates upon
                  | taking damage. [potion of mutation]
    88 | D        | Gained mutation: Armour fits poorly on your strangely
                  | shaped body. [potion of mutation]
    88 | D        | Gained mutation: You are agile. (Dex +2) [potion of
                  | mutation]
    89 | D        | Lost mutation: Your body sometimes deteriorates upon taking
                  | damage. [potion of mutation]
    89 | D        | Lost mutation: You are agile. (Dex +2) [potion of mutation]
    89 | D        | Gained mutation: A frigid envelope surrounds you and
                  | freezes all who hurt you. [potion of mutation]
    89 | D        | Gained mutation: Your spells are a little harder to cast,
                  | but a little more powerful. [potion of mutation]
    90 | D        | Lost mutation: Armour fits poorly on your strangely shaped
                  | body. [potion of mutation]
    90 | D        | Lost mutation: Your spells are a little harder to cast, but
                  | a little more powerful. [potion of mutation]
    90 | D        | Gained mutation: Your spells are a little easier to cast,
                  | but a little less powerful. [potion of mutation]
    90 | D        | Gained mutation: You have an increased reservoir of magic.
                  | (+10% MP) [potion of mutation]
   104 | D        | Noticed a water elemental
   107 | D        | Killed a water elemental
   108 | D        | Reached skill level 13 in Stealth
   108 | D        | Reached XP level 4. HP: 24/24 MP: 5/5
   118 | D        | Noticed a shadow
   120 | D        | Killed a shadow
   121 | D        | Reached skill level 5 in Dodging
   121 | D        | Reached skill level 15 in Stealth
   121 | D        | Reached XP level 5. HP: 29/29 MP: 6/6
   121 | D        | Reached XP level 6. HP: 33/33 MP: 7/7
   125 | D        | Reached skill level 16 in Stealth
   127 | D        | Found a blossoming altar of Fedhas.
   127 | D        | Found a stormy altar of Qazlal.
   127 | D        | Found a snail-covered altar of Cheibriados.
   127 | D        | Found a burning altar of Makhleb.
   127 | D        | Found a shimmering altar of Xom.
   128 | D        | Found a hazy altar of Hepliaklqana.
   128 | D        | Found an opulent altar of Gozag.
   128 | D        | Found a sparkling altar of Nemelex Xobeh.
   128 | D        | Found a corrupted altar of Lugonu.
   128 | D        | Found a viscous altar of Jiyva.
   128 | D        | Noticed a spatial vortex
   132 | D        | Became a worshipper of Gozag Ym Sagoz the Greedy
   217 | D        | Killed a spatial vortex
   218 | D        | Reached skill level 17 in Stealth
   233 | D        | Found a radiant altar of Vehumet.
   233 | D        | Found a shimmering blue altar of Sif Muna.
   233 | D        | Found an ancient bone altar of Kikubaaqudgha.
   250 | D        | Found a glowing silver altar of Zin.
   250 | D        | Found a glowing golden altar of the Shining One.
   250 | D        | Found a white marble altar of Elyvilon.
   251 | D        | Noticed a deep elf pyromancer
   253 | D        | Killed a deep elf pyromancer
   254 | D        | Reached skill level 19 in Stealth
   254 | D        | Reached XP level 7. HP: 38/38 MP: 8/14
   258 | D        | Learned a level 3 spell: Stone Arrow
   302 | D        | Found a hide-covered altar of Uskayaw.
   302 | D        | Found an iron altar of Okawaru.
   302 | D        | Found a bloodstained altar of Trog.
   302 | D        | Found an ornate altar of the Wu Jian Council.
   302 | D        | Noticed a human
   303 | D        | Noticed a human
   305 | D        | Killed a human
   306 | D        | Reached skill level 20 in Stealth
   306 | D        | Reached XP level 8. HP: 42/42 MP: 15/15
   307 | D        | Reached skill level 1 in Earth Magic
   317 | D        | Found a basalt altar of Yredelemnul.
   317 | D        | Found a shadowy altar of Dithmenos.
   317 | D        | Found a sacrificial altar of Ru.
   321 | D        | Reached skill level 5 in Fighting
   321 | D        | Reached skill level 1 in Conjurations
   340 | D        | Learned a level 5 spell: Bolt of Magma
   344 | D        | Noticed Josephine
   346 | D        | Killed Josephine
   347 | D        | Reached skill level 5 in Short Blades
   347 | D        | Reached skill level 22 in Stealth
   347 | D        | Reached skill level 5 in Spellcasting
   347 | D        | Reached skill level 1 in Fire Magic
   347 | D        | Reached XP level 9. HP: 47/47 MP: 16/19
   378 | D        | Noticed a centaur warrior
   381 | D        | Killed a centaur warrior
   382 | D        | Reached skill level 23 in Stealth
   401 | D        | Noticed an unseen horror
   401 | D        | Noticed an unseen horror
   402 | D        | Killed an unseen horror
   404 | D        | Killed an unseen horror
   417 | D        | Noticed a wandering mushroom
   424 | D        | Noticed a wandering mushroom
   426 | D        | Killed a wandering mushroom
   427 | D        | Reached skill level 24 in Stealth
   427 | D        | Noticed a wandering mushroom
   432 | D        | Killed a wandering mushroom
   433 | D        | Reached XP level 10. HP: 50/53 MP: 22/22
   438 | D        | Killed an eight-headed hydra
   528 | D        | Noticed Donald
   528 | D        | Noticed Frances
   686 | D        | Demolished by Donald

Illustrated notes

Levels and vault maps discovered:
D:        dungeon_sprint_mu [sprint_mu_entry_forest, sprint_mu_temple_rooms,
          sprint_mu_d1_horrors, sprint_mu_d2_genie, sprint_mu_d3_branching,
          sprint_mu_orc_legion, sprint_mu_elf_gauntlet, sprint_mu_hive_nellie,
          sprint_mu_lair_fedhas, sprint_mu_vaults_butterflies,
          sprint_mu_slime_circle, sprint_mu_swamp_cave, sprint_mu_snake_twists,
          sprint_mu_blade_basic, sprint_mu_crypt_fortress,
          sprint_mu_tomb_spiral, sprint_mu_vestibule_basic,
          sprint_mu_gehenna_hellfire, sprint_mu_dis_giant,
          sprint_mu_tartarus_statrot, sprint_mu_cocytus_islands, sprint_mu_zot1]

Skill      XL: |  1  2  3  4  5  6  7  8  9 |
---------------+----------------------------+-----
Stealth        | 9 13 15 19 20 22 24 | 24.4
Fighting       | 2 3 4 5 6 |  6.1
Dodging        | 2 4 5 7 8 9 |  9.9
Throwing       | 3 4 |  4.7
Short Blades   | 3 4 5 |  5.9
Spellcasting   | 3 5 6 |  6.5
Earth Magic    | 2 3 |  3.9
Conjurations   | 2 3 |  3.3
Fire Magic     | 1 3 |  3.1

Action                   |  1- 3 |  4- 6 |  7- 9 | 10-12 || total
-------------------------+-------+-------+-------+-------++-------
Melee: Dagger            |     8 |     6 |    14 |     3 ||    31
Throw: Dart              |     5 |       |       |     9 ||    14
 Cast: Stone Arrow       |       |       |       |     8 ||     8
  Use: Potion            |     3 |       |       |     2 ||     5
       Scroll            |       |       |     2 |       ||     2
 Stab: Sleeping          |     6 |     6 |    12 |       ||    24
       Distracted        |       |       |     1 |       ||     1
Armor: Robe              |       |       |       |     1 ||     1
Dodge: Dodged            |     1 |       |       |    11 ||    12
